Map: Moondance

Players

Oberoth

  • Race: Protoss Protoss
  • Spawn Location: 6:00

Creature - Winner!

  • Race: Protoss Protoss
  • Spawn Location: 12:00

Event: DreamHack SC2 Masters 2022 Atlanta (Offline)

VOD

Have the link to the VOD?

Description

Time

  • Played on: Nov. 18, 2022, 11:05 a.m.
  • Length: 12:22

All games in this series

Show
View Real Time Build Order
Export as new Build Order

Oberoth Protoss 

Build Orders:  

Get SALT Encoding   

  12  0:00  Probe  
  13  0:12  Probe  
  14  0:16  Pylon  
  14  0:24  Probe (Chrono Boost)  
  15  0:36  Probe (Chrono Boost)  
  15  0:37  Gateway  
  16  0:44  Probe (Chrono Boost)  
  16  0:46  Assimilator  
  17  0:51  Probe  
  17  0:56  Assimilator  
  18  1:03  Probe  
  19  1:15  Probe  
  19  1:16  Gateway  
  20  1:25  Cybernetics Core  
  20  1:27  Probe  
  21  1:39  Probe  
  22  1:51  Probe  
  23  1:58  Pylon  
  23  2:00  Warp Gate (Chrono Boost)  
  23  2:16  Probe, Stalker x2  
  23  2:21  Robotics Facility  
  29  2:30  Pylon  
  28  2:46  Stalker  
  28  2:48  Stalker  
  28  2:51  Gateway  
  32  2:58  Shield Battery  
  32  3:09  Warp Prism (Chrono Boost)  
  34  3:27  Pylon  
  34  3:40  Stalker x2  
  38  3:49  Stalker, Pylon  
  38  3:51  Observer  
  41  4:13  Stalker x2  
  41  4:34  Stalker  
  41  4:35  Warp Prism  
  41  4:44  Stalker  
  37  4:59  Stalker x2  
  35  5:14  Stalker  
  37  5:25  Stalker x2  
  41  5:39  Stalker  
  43  5:49  Sentry  
  45  5:50  Stalker  
  47  6:03  Nexus  
  47  6:16  Zealot x2  
  51  6:29  Zealot, Pylon  
  51  6:49  Sentry, Stalker  
  51  6:50  Stalker  
  51  6:52  Probe  
  57  7:03  Shield Battery  
  55  7:18  Probe  
  56  7:24  Adept  
  56  7:27  Probe  
  57  7:31  Probe  
  57  7:32  Zealot x3  
  62  7:38  Twilight Council  
  62  7:42  Probe  
  62  7:47  Shield Battery  
  62  7:53  Probe  
  62  7:55  Probe  
  64  8:03  Gateway  
  64  8:06  Probe  
  64  8:08  Probe  
  64  8:10  Charge (Chrono Boost)  
  65  8:19  Probe  
  66  8:21  Probe, Gateway  
  67  8:28  Templar Archives  
  67  8:31  Zealot  
  69  8:36  Pylon  
  69  8:40  Probe  
  68  8:44  Zealot  
  68  8:45  Probe  
  65  8:52  Probe  
  66  8:57  Probe  
  67  9:04  Probe  
  67  9:09  High Templar x2  
  72  9:10  Probe (Chrono Boost)  
  73  9:17  Gateway  
  73  9:20  Gateway  
  73  9:21  Archon  
  73  9:22  Probe (Chrono Boost)  
  73  9:23  Probe (Chrono Boost)  
  75  9:25  Zealot  
  77  9:31  Pylon  
  77  9:33  Pylon  
  78  9:51  High Templar x2  
  82  9:55  Pylon  
  82  9:56  High Templar  
  82  9:58  Archon  
  82  10:02  High Templar  
  82  10:06  Archon  
  84  10:12  Pylon  
  84  10:14  Zealot  
  84  10:15  Gateway  
  84  10:16  Gateway  
  84  10:20  Zealot  
  88  10:29  Zealot x3  
  94  10:37  Zealot x2  
  96  10:44  Zealot  
  98  10:52  Pylon  
  80  11:05  Zealot x2  
  76  11:15  Zealot x3  
  76  11:16  Zealot  
  74  11:25  Probe x2  
  62  11:36  High Templar x3  
  62  11:37  Probe  
  62  11:39  Zealot x3  
  73  11:40  Archon  
  73  11:48  Pylon  
Show
View Real Time Build Order
Export as new Build Order

Creature Protoss - Winner!

Build Orders: Phoenix Opening 

Get SALT Encoding   

  12  0:00  Probe  
  13  0:12  Probe  
  14  0:17  Pylon  
  14  0:24  Probe  
  15  0:35  Gateway  
  15  0:36  Probe (Chrono Boost)  
  16  0:46  Probe (Chrono Boost), Assimilator  
  17  0:51  Probe (Chrono Boost)  
  17  0:55  Assimilator  
  18  1:03  Probe (Chrono Boost)  
  19  1:09  Gateway  
  19  1:13  Probe (Chrono Boost)  
  19  1:18  Probe (Chrono Boost)  
  20  1:24  Cybernetics Core  
  21  1:29  Probe  
  22  1:34  Pylon  
  22  1:41  Probe  
  23  1:53  Probe  
  24  2:01  Adept x2, Warp Gate  
  28  2:07  Pylon  
  28  2:16  Stargate  
  28  2:34  Stalker x2  
  32  2:41  Shield Battery  
  32  2:59  Phoenix (Chrono Boost)  
  34  3:11  Robotics Facility  
  34  3:17  Pylon  
  34  3:18  Shield Battery  
  32  3:31  Phoenix  
  34  3:50  Zealot x2, Gateway  
  38  3:57  Phoenix  
  40  4:08  Pylon  
  40  4:11  Stalker x2  
  44  4:21  Pylon  
  38  4:36  Stalker x2  
  36  4:51  Stalker  
  36  5:01  Pylon  
  36  5:05  Zealot x2  
  40  5:13  Probe  
  40  5:24  Immortal (Chrono Boost)  
  44  5:34  Sentry  
  46  5:37  Zealot  
  48  5:43  Stalker  
  50  5:58  Immortal (Chrono Boost)  
  54  6:15  Stalker  
  54  6:18  Zealot  
  58  6:29  Zealot  
  58  6:31  Observer  
  58  6:32  Pylon  
  61  6:49  Phoenix  
  61  6:50  Zealot x2  
  65  7:14  Phoenix  
  65  7:16  Zealot x2  
  69  7:35  Nexus  
  69  7:46  Probe  
  70  7:52  Pylon  
  70  8:00  Probe  
  71  8:12  Probe  
  72  8:22  Twilight Council  
  72  8:24  Warp Prism (Chrono Boost), Probe  
  75  8:49  Probe  
  75  8:50  Probe  
  75  8:51  Pylon  
  75  8:53  Charge (Chrono Boost)  
  77  9:01  Probe  
  78  9:06  Probe  
  78  9:07  Assimilator  
  79  9:17  Gateway  
  79  9:19  Gateway  
  79  9:26  Probe  
  80  9:33  Probe  
  80  9:34  Templar Archives  
  80  9:35  Assimilator  
  81  9:39  Probe  
  82  9:54  Gateway x2  
  82  9:56  Shield Battery  
  82  9:58  Probe  
  83  10:08  Probe  
  83  10:12  High Templar x3  
  90  10:15  Forge  
  90  10:16  Pylon  
  90  10:19  High Templar  
  92  10:27  Archon  
  92  10:30  Shield Battery  
  92  10:32  Pylon  
  90  10:48  Zealot x4  
  98  10:50  Archon  
  98  11:00  Zealot x2  
  98  11:02  Probe  
  98  11:03  Probe  
  78  11:18  Zealot x4  
  66  11:25  Zealot x2  
  62  11:35  Probe  
  62  11:39  High Templar  
  65  11:40  High Templar  
  65  11:41  High Templar x2  
  65  11:45  Archon x2  
  71  11:47  Gateway  
  67  11:57  Zealot x2  
  61  12:12  Zealot x2  
  61  12:13  Zealot x2  
  65  12:20  Zealot x2  
Tags
 
Add a new tag
Caveats
  • Supply blocks, unpowered buildings, or Contaminate may cause inaccurate times.
  • Supply counts are checked every 10 seconds.